[Event "ICC tourney 1982 (45 10)"]
[Site "Internet Chess Club"]
[Date "2020.08.29"]
[Round "1"]
[White "shrey16ultimate"]
[Black "joeandjoe28"]
[Result "1-0"]
[ICCResult "Black checkmated"]
[WhiteElo "1621"]
[BlackElo "1382"]
[Opening "Grünfeld with Bf4 & e3"]
[ECO "D93"]
[NIC "QP.07"]
[Time "11:02:20"]
[TimeControl "2700+10"]

1. d4 Nf6 2. Bf4 g6 3. e3 Bg7 4. c4 O-O 5. Nf3 d5 6. Nc3 c5 7. Be2 Nc6 8.
dxc5 Ne4 9. Rc1 Nxc3 10. bxc3 e5 11. cxd5 exf4 12. dxc6 Qxd1+ 13. Bxd1 fxe3
14. fxe3 bxc6 15. Nd4 Re8 16. Kf2 Bd7 17. Bf3 Rab8 18. Rb1 Bf8 19. Bxc6 Bxc6
20. Nxc6 Rxb1 21. Rxb1 Bxc5 22. Nd4 Bb6 23. Rc1 Rc8 24. c4 Kf8 25. Ke2 Rd8
26. Kd3 Ke7 27. c5 Rc8 28. Nb3 Bc7 29. h3 Ke6 30. Nd4+ Kd7 31. Rb1 Rb8 32.
c6+ Kd6 33. Rxb8 Bxb8 34. Kc4 a6 35. g4 h6 36. Kb4 Bc7 37. a4 Bb6 38. a5
Bxd4 39. exd4 Kxc6 40. Kc4 Kd6 41. d5 f5 42. gxf5 gxf5 43. Kd4 h5 44. h4 f4
45. Ke4 f3 46. Kxf3 Kxd5 47. Kf4 Ke6 48. Ke4 Kf6 49. Kf4 Kg6 50. Ke5 Kf7 51.
Kf5 Kg7 52. Kg5 Kf7 53. Kxh5 Kg7 54. Kg5 Kf7 55. h5 Kg7 56. h6+ Kh7 57. Kh5
Kg8 58. Kg6 Kh8 59. Kf6 Kh7 60. Ke6 Kxh6 61. Kd6 Kg7 62. Kc6 Kf8 63. Kb6 Ke8
64. Kxa6 Kd8 65. Kb7 Kd7 66. a6 Kd6 67. a7 Kc5 68. a8=Q Kb5 69. Qc8 Ka5 70.
Kc6 Kb4 71. Kd5 Ka5 72. Qb8 Ka4 73. Kc4 Ka5 74. Qb5# {Black checkmated} 1-0

[Event "ICC tourney 1982 (45 10)"]
[Site "Internet Chess Club"]
[Date "2020.08.29"]
[Round "1"]
[White "burstninja"]
[Black "Abhinac123"]
[Result "1-0"]
[ICCResult "Black checkmated"]
[WhiteElo "1699"]
[BlackElo "1451"]
[Opening "QGD Slav defense"]
[ECO "D10"]
[NIC "SL.01"]
[Time "11:02:19"]
[TimeControl "2700+10"]

1. d4 d5 2. c4 c6 3. Nc3 Nf6 4. e3 e6 5. Bd3 Nbd7 6. Nge2 Bd6 7. O-O O-O 8.
cxd5 exd5 9. f3 Bc7 10. e4 Bb6 11. Kh1 h6 12. Bc2 Re8 13. e5 Nh7 14. f4 Ndf8
15. f5 Ng5 16. f6 Nfe6 17. h4 Ne4 18. Qd3 Nxd4 19. Nxd4 Bxd4 20. Nxe4 Bxe5
21. Nd6 Bxf6 22. Nxe8 Qxe8 23. Qh7+ Kf8 24. Bf4 Ke7 25. Rae1+ Be6 26. Qd3
Kd8 27. Qb3 Qe7 28. Bf5 Bxh4 29. Re3 d4 30. Bxe6 dxe3 31. Rd1+ Ke8 32. Bd7+
Kd8 33. Bxc6+ Kc8 34. Bxb7+ Qxb7 35. Rc1+ Kd8 36. Qxb7 e2 37. Qxa8+ Ke7 38.
Bd2 f5 39. Be1 Bxe1 40. Rxe1 f4 41. Rxe2+ Kf7 42. Qb7+ Kg6 43. Qe4+ Kf7 44.
Qxf4+ Kg8 45. Re8+ Kh7 46. Qf7 a5 47. Rg8 a4 48. Qxg7# {Black checkmated}
1-0

[Event "ICC tourney 1982 (45 10)"]
[Site "Internet Chess Club"]
[Date "2020.08.29"]
[Round "1"]
[White "ants97"]
[Black "Baggs"]
[Result "0-1"]
[ICCResult "White resigns"]
[WhiteElo "1481"]
[BlackElo "1453"]
[Opening "French: Tarrasch"]
[ECO "C03"]
[NIC "FR.07"]
[Time "11:02:26"]
[TimeControl "2700+10"]

1. e4 e6 2. d4 d5 3. Nd2 dxe4 4. Nxe4 Nc6 5. Nf3 Be7 6. Bd3 Nf6 7. O-O h6 8.
c3 O-O 9. Qe2 Nxe4 10. Qxe4 f5 11. Qe2 Qe8 12. Bc4 Rf6 13. Re1 Qf7 14. Bf4
Bd6 15. Ne5 Bxe5 16. Bxe5 Nxe5 17. Qxe5 c6 18. a4 Bd7 19. a5 Re8 20. a6 b5
21. Be2 g5 22. Qc5 Ra8 23. c4 Qf8 24. Qe5 bxc4 25. Bxc4 Kf7 26. Rac1 Qb8 27.
Qe2 Qd6 28. Qe5 Qxe5 29. dxe5 Rg6 30. Red1 Ke7 31. Rd6 Rgg8 32. Rcd1 Rgd8
33. Be2 Be8 34. g4 Rxd6 35. exd6+ Kd7 36. gxf5 exf5 37. Rd3 Bf7 38. Rh3 Rh8
39. Rb3 {White resigns} 0-1

[Event "ICC tourney 1982 (45 10)"]
[Site "Internet Chess Club"]
[Date "2020.08.29"]
[Round "1"]
[White "WizardY"]
[Black "keshavarzip"]
[Result "1-0"]
[ICCResult "Black checkmated"]
[WhiteElo "935"]
[BlackElo "1410"]
[Opening "Sicilian: Pelikan (Lasker/Sveshnikov) variation"]
[ECO "B33"]
[NIC "SI.35"]
[Time "11:02:19"]
[TimeControl "2700+10"]

1. e4 c5 2. Nf3 Nc6 3. d4 cxd4 4. Nxd4 Nf6 5. Nc3 e5 6. Ndb5 d6 7. Nd5 Nxd5
8. exd5 Ne7 9. c4 a6 10. Qa4 Nc6 11. dxc6 bxc6 12. Nc3 Bd7 13. Qd1 Be7 14.
Be2 O-O 15. O-O Be6 16. Bf3 Bxc4 17. Re1 Rc8 18. Bd2 f5 19. Rc1 Be6 20. a3
e4 21. Be2 a5 22. f3 Qb6+ 23. Kh1 Bb3 24. Na4 Qb7 25. Qxb3+ Qxb3 26. Bc4+
Qxc4 27. Rxc4 d5 28. Rc2 c5 29. Nb6 Rcd8 30. Bxa5 c4 31. Rd2 Bg5 32. Rxd5
Rxd5 33. Nxd5 Ra8 34. Bc3 Bh4 35. g3 Bg5 36. fxe4 fxe4 37. Rxe4 Rf8 38. Rxc4
Rf1+ 39. Kg2 Rd1 40. Nb4 h6 41. Rc7 Bf6 42. Bxf6 gxf6 43. Rc2 Kf7 44. a4 Rd4
45. Rc7+ Kg6 46. Rb7 Rd2+ 47. Kh3 Rxb2 48. a5 Rb1 49. a6 Ra1 50. a7 Kf5 51.
Nc6 Ke6 52. Rb5 Kd6 53. Ra5 Rxa5 54. Nxa5 Kc7 55. a8=Q f5 56. Qc6+ Kd8 57.
Qb7 f4 58. Nc6+ Ke8 59. Qe7# {Black checkmated} 1-0

[Event "ICC tourney 1982 (45 10)"]
[Site "Internet Chess Club"]
[Date "2020.08.29"]
[Round "2"]
[White "randyj"]
[Black "VirginiaGuy"]
[Result "1-0"]
[ICCResult "Black resigns"]
[WhiteElo "1704"]
[BlackElo "1489"]
[Opening "English opening"]
[ECO "A13"]
[NIC "EO.64"]
[Time "13:32:12"]
[TimeControl "2700+10"]

1. c4 e6 2. Nc3 d5 3. g3 Nf6 4. Bg2 c6 5. Nf3 Bd6 6. O-O O-O 7. d3 Nbd7 8.
Bd2 dxc4 9. dxc4 Bc7 10. Qc2 e5 11. Rad1 Qe7 12. Bg5 Qc5 13. Na4 Qe7 14. Nh4
h6 15. Be3 Nb6 16. Bc5 {Black resigns} 1-0

[Event "ICC tourney 1982 (45 10)"]
[Site "Internet Chess Club"]
[Date "2020.08.29"]
[Round "2"]
[White "Jeffchess"]
[Black "burstninja"]
[Result "0-1"]
[ICCResult "White resigns"]
[WhiteElo "1366"]
[BlackElo "1689"]
[Opening "French defense"]
[ECO "C00"]
[NIC "FR.01"]
[Time "13:32:13"]
[TimeControl "2700+10"]

1. e4 e6 2. a3 d5 3. exd5 exd5 4. Qe2+ Be7 5. d4 Nf6 6. Nc3 O-O 7. Be3 Bf5
8. Qd2 Re8 9. Nf3 Bd6 10. h3 Bf4 11. O-O-O Bxe3 12. fxe3 Qe7 13. Re1 c6 14.
Bd3 Bxd3 15. Qxd3 Nbd7 16. Ng5 h6 17. Nf3 b5 18. Na2 a5 19. c3 Ne4 20. Rhf1
Nd6 21. Nd2 Nb6 22. Rf3 Ndc4 23. Nxc4 Nxc4 24. Ref1 Ra7 25. Rxf7 Qxf7 26.
Rxf7 Rxf7 27. Qg6 Ref8 28. Qxc6 Rf1+ 29. Kc2 R8f2+ {White resigns} 0-1

[Event "ICC tourney 1982 (45 10)"]
[Site "Internet Chess Club"]
[Date "2020.08.29"]
[Round "2"]
[White "ruhanv"]
[Black "adinanda"]
[Result "1-0"]
[ICCResult "Black resigns"]
[WhiteElo "944"]
[BlackElo "1025"]
[Opening "Queen's bishop game"]
[ECO "D02"]
[NIC "QP.08"]
[Time "13:32:16"]
[TimeControl "2700+10"]

1. d4 d5 2. Nf3 Nf6 3. Bf4 e6 4. e3 c5 5. c3 Nc6 6. Nbd2 Bd6 7. Bg3 Qe7 8.
Be2 Bd7 9. Qc2 cxd4 10. exd4 Bxg3 11. hxg3 Rc8 12. Qd3 Na5 13. O-O Nc4 14.
Nxc4 dxc4 15. Qc2 b5 16. Ne5 Nd5 17. Bf3 Nb6 18. Rfe1 O-O 19. Be4 f5 20. Bf3
b4 21. Qd2 a5 22. d5 Nxd5 23. Bxd5 exd5 24. Ng6 Qd6 25. Nxf8 Rxf8 26. f4 Bc6
27. Re5 Qg6 28. Kf2 Rb8 29. Rae1 b3 30. a3 Qd6 31. Qd4 g6 32. Re7
{Black resigns}
1-0

[Event "ICC tourney 1982 (45 10)"]
[Site "Internet Chess Club"]
[Date "2020.08.29"]
[Round "2"]
[White "QueenHM"]
[Black "stgummadi"]
[Result "1-0"]
[ICCResult "Black resigns"]
[WhiteElo "1608"]
[BlackElo "1405"]
[Opening "Sicilian: Smith-Morra gambit"]
[ECO "B21"]
[NIC "SI.48"]
[Time "13:32:50"]
[TimeControl "2700+10"]

1. e4 c5 2. d4 cxd4 3. c3 dxc3 4. Nxc3 Nc6 5. Bc4 d6 6. Nf3 Nf6 7. e5 Nd7 8.
exd6 exd6 9. O-O Be7 10. Re1 O-O 11. Bf4 Nf6 12. Bb3 a5 13. a3 b6 14. Qd3
Ba6 15. Bc4 b5 16. Nxb5 d5 17. Bb3 Qb6 18. a4 Nb4 19. Qf5 Nc6 20. Bc2 Bxb5
21. axb5 Qxb5 22. Ba4 g6 23. Bxb5 gxf5 24. Bxc6 Rfd8 25. Bxa8 Rxa8 26. Rxe7
Kf8 27. Rb7 d4 28. Be5 Nd5 29. Bxd4 Nb4 30. Bc5+ Kg8 31. Bxb4 {Black
resigns} 1-0

[Event "ICC tourney 1982 (45 10)"]
[Site "Internet Chess Club"]
[Date "2020.08.29"]
[Round "2"]
[White "vvguys2"]
[Black "tortorchess"]
[Result "0-1"]
[ICCResult "White checkmated"]
[WhiteElo "1473"]
[BlackElo "1466"]
[Opening "QGD Slav: 4.Nc3"]
[ECO "D15"]
[NIC "SL.03"]
[Time "13:32:17"]
[TimeControl "2700+10"]

1. d4 d5 2. c4 c6 3. Nf3 Nf6 4. Nc3 Bg4 5. e3 e6 6. h3 Bh5 7. Be2 Bb4 8. Qb3
Bxc3+ 9. Qxc3 O-O 10. O-O Nbd7 11. b3 Ne4 12. Qd3 c5 13. Rd1 Bg6 14. Rf1 Ng3
15. Qd2 Nxf1 16. Kxf1 Qc7 17. Ba3 Rfd8 18. Nh4 cxd4 19. Nxg6 hxg6 20. Qxd4
dxc4 21. Bb2 Nf6 22. Qxc4 Qh2 23. f3 Nh5 24. Kf2 Ng3 25. Qc3 f6 26. f4 Ne4+
27. Kf3 Nxc3 28. Bxc3 Rac8 29. Bc4 Kf7 30. e4 g5 31. fxg5 fxg5 32. Rf1 Ke7
33. Bb4+ Kf7 34. Ke3+ Kg6 35. Bxe6 Rc2 36. Bf5+ Kh6 37. Be7 Qxg2 38. Bxd8
Qxf1 39. Kd4 Qd1+ 40. Ke5 Qxd8 41. Ke6 Rc6+ 42. Ke5 Rc5+ 43. Ke6 Qb6+ 44.
Ke7 Rc7+ 45. Ke8 Qc6+ 46. Kf8 Qd6+ 47. Ke8 Qe7# {White checkmated} 0-1

[Event "ICC tourney 1982 (45 10)"]
[Site "Internet Chess Club"]
[Date "2020.08.29"]
[Round "2"]
[White "TheJaguar2"]
[Black "wulovechess"]
[Result "0-1"]
[ICCResult "White resigns"]
[WhiteElo "1374"]
[BlackElo "1075"]
[Opening "Vienna: Paulsen-Mieses variation"]
[ECO "C26"]
[NIC "VG.01"]
[Time "13:32:33"]
[TimeControl "2700+10"]

1. e4 e5 2. Nc3 Nf6 3. g3 Bc5 4. Bg2 Nc6 5. Nge2 O-O 6. O-O d6 7. Na4 Bb6 8.
c3 Bg4 9. h3 Bh5 10. Nxb6 axb6 11. d3 h6 12. Qc2 d5 13. f4 exf4 14. Nxf4
dxe4 15. dxe4 Re8 16. Kh2 Ne5 17. Nxh5 Nxh5 18. Qe2 Nf6 19. Bf4 c6 20. Rad1
Qe7 21. a3 Rad8 22. Rxd8 Rxd8 23. Bxe5 Qxe5 24. Rf5 Qe7 25. Qf2 Nxe4 26.
Bxe4 Qxe4 27. Rxf7 Rd1 28. Rf8+ Kh7 29. Rf3 Rb1 30. Kg2 Re1 31. Qd4 Re2+
{White resigns}
0-1

[Event "ICC tourney 1982 (45 10)"]
[Site "Internet Chess Club"]
[Date "2020.08.29"]
[Round "2"]
[White "ivangoponenko"]
[Black "mancogu"]
[Result "0-1"]
[ICCResult "White checkmated"]
[WhiteElo "1407"]
[BlackElo "1598"]
[Opening "Sicilian: Najdorf, Lipnitzky attack"]
[ECO "B86"]
[NIC "SI.13"]
[Time "13:32:15"]
[TimeControl "2700+10"]

1. e4 c5 2. Nf3 d6 3. d4 cxd4 4. Nxd4 Nf6 5. Nc3 a6 6. Bc4 e6 7. O-O Be7 8.
f3 Qc7 9. Bd3 Nc6 10. Be3 O-O 11. a3 b5 12. Re1 Bb7 13. Bf1 Rfd8 14. Qe2 d5
15. Qf2 dxe4 16. Nxe4 Nxe4 17. fxe4 Nxd4 18. Bxd4 Rxd4 19. Qxd4 Bc5 20. Qxc5
Qxc5+ 21. Kh1 Rd8 22. Rad1 Rxd1 23. Rxd1 g6 24. Bd3 Qe5 25. c3 Qh5 26. Re1
Qg5 27. h3 f5 28. Re2 fxe4 29. Bxe4 Bxe4 30. Rxe4 Qc1+ 31. Kh2 Qxb2 32. Rxe6
Qxc3 33. Rxa6 Qc5 34. Ra8+ Kg7 35. Kh1 Qb6 36. a4 b4 37. a5 Qb7 38. Rd8 b3
39. Rd1 b2 40. Rb1 Qb3 41. a6 Qc2 42. a7 Qxb1+ 43. Kh2 Qa1 44. a8=Q Qxa8 45.
h4 b1=Q 46. h5 Qbb8+ 47. g3 Qa2+ 48. Kh3 Qc8+ 49. g4 Qc3+ 50. Kh4 Qf2+ 51.
Kg5 Qe5# {White checkmated} 0-1

[Event "ICC tourney 1982 (45 10)"]
[Site "Internet Chess Club"]
[Date "2020.08.29"]
[Round "2"]
[White "Abhinac123"]
[Black "WallyCleaver"]
[Result "1-0"]
[ICCResult "Black resigns"]
[WhiteElo "1476"]
[BlackElo "1575"]
[Opening "King's Indian, 3.Nf3"]
[ECO "E61"]
[NIC "QP.06"]
[Time "13:32:10"]
[TimeControl "2700+10"]

1. d4 Nf6 2. Nf3 g6 3. c4 Bg7 4. Nc3 O-O 5. Bf4 d6 6. h3 Re8 7. e3 Nbd7 8.
Be2 e5 9. dxe5 dxe5 10. Nxe5 Nxe5 11. Qxd8 Rxd8 12. Bxe5 c6 13. O-O Be6 14.
Rfd1 Rd7 15. Bd4 b6 16. Bf3 Rc8 17. Be2 Rcd8 18. Rac1 Ne8 19. Bxg7 Rxd1+ 20.
Rxd1 Rxd1+ 21. Bxd1 Nxg7 22. b3 f5 23. Bf3 Bd7 24. Kf1 Kf7 25. Ke2 a6 26.
Na4 b5 27. Nc5 Be8 28. Nxa6 Ne6 29. cxb5 cxb5 30. Bd5 Bd7 31. Nc7 Ke7 32.
Nxe6 Bxe6 33. Bxe6 Kxe6 34. Kd3 Kd5 35. f3 b4 36. e4+ fxe4+ 37. fxe4+ Ke5
38. Kc4 Kxe4 39. Kxb4 {Black resigns} 1-0

[Event "ICC tourney 1982 (45 10)"]
[Site "Internet Chess Club"]
[Date "2020.08.29"]
[Round "2"]
[White "ChessStar22"]
[Black "shrey16ultimate"]
[Result "1-0"]
[ICCResult "Black forfeits on time"]
[WhiteElo "1322"]
[BlackElo "1586"]
[Opening "Nimzo-Indian: Fischer variation"]
[ECO "E43"]
[NIC "NI.12"]
[Time "13:32:17"]
[TimeControl "2700+10"]

1. d4 Nf6 2. c4 e6 3. Nc3 Bb4 4. e3 b6 5. Nf3 Bb7 6. Bd3 Ne4 7. Bd2 Bxc3 8.
Bxc3 f5 9. d5 Nxc3 10. bxc3 exd5 11. cxd5 Bxd5 12. Bxf5 Be6 13. Bxe6 dxe6
14. Qxd8+ Kxd8 15. O-O-O+ Ke7 16. Ne5 Rf8 17. f4 Kf6 18. g4 g5 19. Rhf1 Rg8
20. h4 gxf4 21. exf4 {Black forfeits on time} 1-0

[Event "ICC tourney 1982 (45 10)"]
[Site "Internet Chess Club"]
[Date "2020.08.29"]
[Round "2"]
[White "Florina12345"]
[Black "SukrutN"]
[Result "0-1"]
[ICCResult "White resigns"]
[WhiteElo "1405"]
[BlackElo "1156"]
[Opening "Sicilian: Pelikan, Chelyabinsk variation"]
[ECO "B33"]
[NIC "SI.37"]
[Time "13:32:18"]
[TimeControl "2700+10"]

1. e4 c5 2. Nf3 Nc6 3. d4 cxd4 4. Nxd4 Nf6 5. Nc3 e5 6. Ndb5 d6 7. Bg5 a6 8.
Na3 b5 9. Nd5 Be7 10. Bxf6 Bxf6 11. c3 O-O 12. Be2 Be6 13. Nc2 Bg5 14. Nce3
g6 15. O-O Rb8 16. Qc2 f5 17. f3 Bxe3+ 18. Nxe3 Qb6 19. Qd2 f4 20. Qxd6 Rbe8
21. Kh1 fxe3 22. f4 exf4 23. Rxf4 Rxf4 24. Qxf4 Rf8 25. Qd6 Re8 26. Rf1 Bxa2
27. Rf6 Rc8 28. Bg4 Rd8 29. Qxc6 Qxc6 30. Rxc6 Rd2 31. g3 Rxb2 32. Rxa6 e2
33. Bxe2 Rxe2 34. Ra5 Bc4 35. Ra8+ Kg7 36. Re8 Re3 37. Kg2 Rxc3 38. Rb8 Re3
39. Rb7+ Kh6 40. Re7 b4 41. Kf2 Re2+ 42. Kf3 b3 43. Rb7 b2 44. e5 Bd5+ 45.
Kxe2 Bxb7 46. e6 b1=Q {White resigns} 0-1

[Event "ICC tourney 1982 (45 10)"]
[Site "Internet Chess Club"]
[Date "2020.08.29"]
[Round "2"]
[White "Luc2008"]
[Black "flukutty"]
[Result "1-0"]
[ICCResult "Black resigns"]
[WhiteElo "1595"]
[BlackElo "1311"]
[Opening "Two knights defense"]
[ECO "C55"]
[NIC "IG.01"]
[Time "13:32:17"]
[TimeControl "2700+10"]

1. e4 e5 2. Nf3 Nc6 3. Bc4 Nf6 4. O-O Be7 5. Re1 O-O 6. c3 d6 7. d4 exd4 8.
cxd4 Na5 9. Bd3 b6 10. d5 Nb7 11. Bc4 a6 12. e5 Nd7 13. e6 Nf6 14. Ng5 fxe6
15. dxe6 Qe8 16. Qf3 c6 17. Qh3 d5 18. Bd3 g6 19. Qh6 Bc5 20. Be3 Qe7 21.
Qh4 Bxe3 22. Rxe3 Nc5 23. Bxg6 hxg6 24. Nf7 Rxf7 25. exf7+ Qxf7 26. Nd2 Bf5
27. Rae1 Nce4 28. Nxe4 Nxe4 29. f3 Qf6 30. Rxe4 Qxh4 31. Rxh4 Ra7 32. g4 Bd3
33. Re6 Rc7 34. Kf2 Kg7 35. Ke3 Bb1 36. a3 Ba2 37. Rd6 a5 38. g5 b5 39. Rf4
c5 40. Rff6 d4+ 41. Kd2 Bf7 42. Rc6 Rxc6 43. Rxc6 Bd5 44. Rxc5 Bxf3 45. Rxb5
Kf7 46. Rxa5 Ke6 47. Kd3 Bd5 48. Rxd5 Kxd5 49. b4 {Black resigns} 1-0

[Event "ICC tourney 1982 (45 10)"]
[Site "Internet Chess Club"]
[Date "2020.08.29"]
[Round "2"]
[White "BulbasaurMaster"]
[Black "BillietheKid"]
[Result "1-0"]
[ICCResult "Black checkmated"]
[WhiteElo "1400"]
[BlackElo "1636"]
[Opening "French: Tarrasch"]
[ECO "C03"]
[NIC "FR.14"]
[Time "13:32:22"]
[TimeControl "2700+10"]

1. e4 e6 2. d4 d5 3. Nd2 Be7 4. Ngf3 Nf6 5. Bd3 c5 6. c3 Nc6 7. dxc5 Bxc5 8.
O-O d4 9. Nb3 Bb6 10. Nbxd4 Nxd4 11. cxd4 h6 12. Re1 O-O 13. e5 Nd5 14. Qe2
Bd7 15. Qe4 f5 16. exf6 Nxf6 17. Qg6 Be8 18. Qg3 Bc7 19. Bf4 Ba5 20. Bxh6
Nh5 21. Qg4 Bxe1 22. Rxe1 Rf6 23. Bg5 Bf7 24. Qe4 Bg6 25. Qxg6 Rxg6 26. Bxd8
Rxg2+ 27. Kxg2 Nf4+ 28. Kg3 Nxd3 29. Re3 Nxb2 30. Bg5 Kf7 31. Rb3 Nc4 32.
Rxb7+ Kg6 33. Be3 Nd6 34. Rd7 Nf5+ 35. Kf4 a5 36. Ne5+ Kh7 37. Kg5 Rb8 38.
Ng4 Rb5 39. Nf6+ Kh8 40. Rd8# {Black checkmated} 1-0

[Event "ICC tourney 1982 (45 10)"]
[Site "Internet Chess Club"]
[Date "2020.08.29"]
[Round "2"]
[White "Eagle2020"]
[Black "handsomematch"]
[Result "1-0"]
[ICCResult "Black resigns"]
[WhiteElo "1596"]
[BlackElo "1212"]
[Opening "Giuoco Piano"]
[ECO "C54"]
[NIC "IG.02"]
[Time "13:34:03"]
[TimeControl "2700+10"]

1. e4 e5 2. Nf3 Nc6 3. Bc4 Bc5 4. c3 Nf6 5. d4 exd4 6. cxd4 Bb4+ 7. Nc3 Nxe4
8. O-O Bxc3 9. bxc3 O-O 10. Qc2 d5 11. Bd3 Bf5 12. Bf4 Qd7 13. Ne5 Nxe5 14.
dxe5 Rad8 15. f3 Nd6 16. exd6 Bxd3 17. Qxd3 cxd6 18. Qxd5 Qc7 19. Rac1 Rfe8
20. Bg3 Qb6+ 21. Qd4 Qa6 22. Rfe1 Rxe1+ 23. Rxe1 Qxa2 24. Qxd6 Qa5 25. Qe5
Qb6+ 26. Bf2 Qc6 27. Bxa7 h6 28. Bd4 Qg6 29. Qg3 Qh7 30. Qg4 Rf8 31. Qd7 Rb8
32. Re8+ {Black resigns} 1-0

[Event "ICC tourney 1982 (45 10)"]
[Site "Internet Chess Club"]
[Date "2020.08.29"]
[Round "2"]
[White "jacobsperber"]
[Black "sujay2010"]
[Result "1-0"]
[ICCResult "Black resigns"]
[WhiteElo "768"]
[BlackElo "1367"]
[Opening "Queen's pawn: Torre attack"]
[ECO "A46"]
[NIC "QP.04"]
[Time "13:32:37"]
[TimeControl "2700+10"]

1. d4 Nf6 2. Nf3 e6 3. Bg5 d5 4. e3 Be7 5. c4 h6 6. Bh4 O-O 7. Bd3 b6 8. O-O
Bb7 9. Nbd2 c5 10. cxd5 Nxd5 11. Bxe7 Qxe7 12. dxc5 Qxc5 13. Rc1 Qd6 14. Qb3
Rd8 15. Bb1 Nd7 16. Qd3 Nc5 17. Qh7+ Kf8 18. Qh8+ Ke7 19. Qxg7 Rg8 20. Qxh6
Rh8 21. Qg5+ Kd7 22. Nc4 Qc7 23. Rfd1 Rag8 24. Qf6 Kc8 25. Qe5 Nxe3 26. Qxe3
Bxf3 27. Qxf3 Qxh2+ 28. Kf1 Qh1+ 29. Ke2 Qxg2 30. Qxg2 Rxg2 31. b4 Nb7 32.
Ne3+ {Black resigns} 1-0

[Event "ICC tourney 1982 (45 10)"]
[Site "Internet Chess Club"]
[Date "2020.08.29"]
[Round "2"]
[White "joeandjoe28"]
[Black "patriots12"]
[Result "1-0"]
[ICCResult "Black resigns"]
[WhiteElo "1392"]
[BlackElo "1403"]
[Opening "Philidor: exchange variation"]
[ECO "C41"]
[NIC "KP.08"]
[Time "13:32:16"]
[TimeControl "2700+10"]

1. e4 e5 2. Nf3 d6 3. d4 exd4 4. Nxd4 Nf6 5. Nc3 g6 6. Bc4 Bg7 7. O-O O-O 8.
Be3 Ng4 9. Qd2 Qh4 10. h3 Nxe3 11. Qxe3 Bxd4 12. Qxd4 Nc6 13. Qe3 Ne5 14.
Bb3 Be6 15. Nd5 Bxd5 16. Bxd5 c6 17. Bb3 Rfe8 18. Rad1 Rad8 19. Rfe1 Qe7 20.
Qxa7 c5 21. Qb6 Qg5 22. Kh1 Qf4 23. Qxb7 Rb8 24. Qc7 Qxf2 25. Rf1 Qe2 26.
Bxf7+ Nxf7 27. Qxf7+ Kh8 28. Qf6+ Kg8 29. Qf7+ Kh8 30. Qf6+ Kg8 31. Qxd6
Qxc2 32. e5 Rxb2 33. Qd5+ Kh8 34. e6 Qe2 35. Rde1 Qh5 36. Qd7 {Black
resigns} 1-0

[Event "ICC tourney 1982 (45 10)"]
[Site "Internet Chess Club"]
[Date "2020.08.29"]
[Round "2"]
[White "Baggs"]
[Black "mmiralaie"]
[Result "1-0"]
[ICCResult "Black checkmated"]
[WhiteElo "1457"]
[BlackElo "1524"]
[Opening "Queen's pawn, Mason variation"]
[ECO "D00"]
[NIC "QP.08"]
[Time "13:33:05"]
[TimeControl "2700+10"]

1. d4 d5 2. Bf4 e6 3. e3 c6 4. c3 Bd6 5. Bg3 Ne7 6. Bd3 b6 7. Nd2 Ba6 8. Qe2
Bxd3 9. Qxd3 O-O 10. Ngf3 Nf5 11. e4 Nxg3 12. hxg3 dxe4 13. Nxe4 f5 14. Neg5
h6 15. Nxe6 Qe8 16. d5 Rf6 17. O-O-O Nd7 18. Rde1 Qf7 19. dxc6 Rxe6 20. cxd7
Qxd7 21. Rxe6 Bf4+ 22. Kc2 Qxe6 23. gxf4 Qxa2 24. Qxf5 Rf8 25. Qe4 a5 26.
Re1 Kh8 27. Qe3 b5 28. Qe6 Qa4+ 29. Qb3 Qxf4 30. Qxb5 a4 31. Re8 Rxe8 32.
Qxe8+ Kh7 33. Qb5 Qg4 34. Qd3+ Kg8 35. g3 Qe6 36. c4 Qf6 37. c5 Qc6 38. Qc4+
Kh7 39. Ne5 Qg2 40. Qd3+ Kg8 41. Qf3 Qf1 42. c6 Qb5 43. c7 Qc5+ 44. Qc3
Qxf2+ 45. Kb1 Qf5+ 46. Ka2 Qc8 47. Qc4+ Kh7 48. Qf7 Qb7 49. Qf5+ g6 50.
Qxg6+ Kh8 51. Nf7# {Black checkmated} 1-0

[Event "ICC tourney 1982 (45 10)"]
[Site "Internet Chess Club"]
[Date "2020.08.29"]
[Round "2"]
[White "TheDude865"]
[Black "uhm44"]
[Result "0-1"]
[ICCResult "White resigns"]
[WhiteElo "1220"]
[BlackElo "1488"]
[Opening "Caro-Kann: Panov-Botvinnik attack"]
[ECO "B13"]
[NIC "CK.02"]
[Time "13:32:13"]
[TimeControl "2700+10"]

1. e4 c6 2. d4 d5 3. exd5 cxd5 4. c4 Nf6 5. Nf3 e6 6. Be2 a6 7. Nc3 dxc4 8.
Bxc4 b5 9. Bb3 Bb7 10. O-O Be7 11. Bg5 h6 12. Bh4 O-O 13. Bc2 Nbd7 14. Ne5
Nxe5 15. dxe5 Nd7 16. Bg3 Rc8 17. Qd3 g6 18. Bf4 Bg5 19. Bxg5 Qxg5 20. Ne4
Bxe4 21. Qxe4 Qxe5 22. Rad1 Qxb2 23. Rxd7 Qxc2 24. Qxc2 Rxc2 25. a3 Ra2 26.
Rd3 Rc8 27. g4 Rc4 28. h3 Ra4 29. Rc1 R4xa3 30. Rd8+ Kg7 31. Kg2 Ra1 32.
Rcc8 a5 33. h4 g5 34. hxg5 hxg5 35. Rc5 b4 36. Rxg5+ Kf6 37. Rb5 Ke7 38.
Rdb8 R1a2 39. R8b7+ Kf6 40. g5+ Kg6 41. Rb8 b3 42. Rxb3 Rxb3 43. Rxb3 Kxg5
44. Kf3 f5 45. Rb8 Ra3+ 46. Kg2 Kf4 47. Rh8 Ke4 48. Rh4+ f4 49. f3+ Rxf3 50.
Rh1 Ra3 51. Re1+ Kf5 52. Kf2 e5 53. Rb1 f3 54. Rb8 Ke4 55. Re8 Ra2+ 56. Kf1
Kf4 57. Rf8+ Ke3 {White resigns} 0-1

[Event "ICC tourney 1982 (45 10)"]
[Site "Internet Chess Club"]
[Date "2020.08.29"]
[Round "2"]
[White "GPWKnight"]
[Black "JavierDix"]
[Result "1-0"]
[ICCResult "Black resigns"]
[WhiteElo "1603"]
[BlackElo "1372"]
[Opening "French: advance variation"]
[ECO "C02"]
[NIC "FR.03"]
[Time "13:32:25"]
[TimeControl "2700+10"]

1. e4 e6 2. d4 d5 3. e5 Ne7 4. Nf3 Nbc6 5. c3 Nf5 6. Bd3 g6 7. Bg5 Be7 8. h4
Nxh4 9. Bxh4 g5 10. Bg3 h5 11. Kf1 h4 12. Bh2 g4 13. Bf4 gxf3 14. Qxf3 Bg5
15. g3 Bxf4 16. Qxf4 h3 17. Qg4 Ne7 18. Rxh3 Rxh3 19. Qxh3 Kd7 20. Nd2 b6
21. Kg2 Kc6 22. a4 a5 23. Qh5 Qg8 24. Rh1 Ba6 25. Bxa6 Rxa6 26. Qe2 Kb7 27.
Nf3 Ng6 28. Qe3 Ra8 29. Qg5 Re8 30. Qf6 Kc6 31. Ng5 Nh8 32. Rh7 Qg6 33. Qxg6
fxg6 34. f4 b5 35. axb5+ Kxb5 36. Rxc7 Rf8 37. Kf3 Re8 38. Ke3 a4 39. Rc5+
Kb6 40. Kd3 Re7 41. Kc2 Nf7 42. Nxf7 Rxf7 43. Rc8 g5 44. Re8 gxf4 45. gxf4
Rxf4 46. Rxe6+ Kc7 47. Rf6 Rxf6 48. exf6 Kd7 49. Kb1 Ke6 50. Ka2 Kxf6 51.
Ka3 Ke6 52. Kxa4 Kd6 53. Kb4 Kc6 54. Ka5 Kc7 55. Kb5 Kd6 56. Kb6 Kd7 57. Kc5
Ke6 58. Kc6 {Black resigns} 1-0